Map: 16 bits EC

Players

IA (élite) - Winner!

  • Race: Zerg Zerg
  • Spawn Location: 7:00

IA (élite)

  • Race: Zerg Zerg
  • Spawn Location: 1:00

VOD

Have the link to the VOD?

Description

Time

  • Played on: April 25, 2019, 5:43 p.m.
  • Length: 15:07
Show
View Real Time Build Order
Export as new Build Order

IA (élite) Zerg - Winner!

Build Orders: Pool First 

Get SALT Encoding   

  12  0:01  Drone  
  13  0:12  Overlord  
  13  0:17  Drone  
  14  0:30  Drone x2  
  14  0:34  Drone  
  17  0:47  Spawning Pool  
  17  0:49  Drone  
  17  1:12  Hatchery  
  17  1:14  Drone  
  17  1:17  Extractor  
  16  1:20  Drone  
  16  1:23  Extractor  
  16  1:26  Drone  
  16  1:30  Drone  
  18  1:38  Drone  
  19  1:49  Overlord  
  19  1:56  Queen  
  21  2:02  Zergling x2  
  22  2:10  Drone  
  23  2:23  Queen  
  25  2:30  Drone  
  25  2:35  Drone  
  27  2:40  Drone  
  28  2:44  Drone  
  29  2:57  Roach Warren  
  28  3:00  Drone  
  28  3:03  Drone  
  30  3:06  Zergling x2  
  30  3:10  Zergling x2  
  32  3:16  Overlord  
  32  3:19  Drone  
  33  3:22  Drone  
  34  3:38  Roach x2  
  34  3:39  Roach x2  
  42  3:45  Overlord  
  42  3:47  Zergling x2  
  43  3:50  Zergling x2  
  43  3:53  Zergling x2  
  34  4:09  Queen  
  34  4:15  Drone  
  34  4:17  Drone  
  38  4:21  Drone  
  39  4:24  Drone  
  39  4:27  Drone  
  41  4:31  Drone  
  42  4:39  Lair  
  42  4:44  Overlord  
  42  4:48  Zergling x2  
  42  4:50  Zergling x2  
  44  4:54  Zergling x2  
  44  4:56  Drone  
  44  4:59  Drone  
  47  5:01  Drone  
  48  5:13  Drone  
  49  5:16  Drone  
  49  5:18  Drone  
  49  5:20  Drone  
  52  5:24  Overlord  
  52  5:27  Drone  
  53  5:29  Drone  
  53  5:31  Drone  
  53  5:33  Drone  
  57  5:35  Drone  
  57  5:40  Hydralisk Den, Drone  
  57  5:42  Drone x2  
  59  5:45  Overlord  
  59  5:47  Drone  
  59  5:49  Drone  
  61  5:51  Drone  
  61  5:53  Drone  
  61  5:55  Drone  
  61  5:56  Drone  
  65  6:03  Drone  
  66  6:05  Infestation Pit  
  66  6:07  Overlord  
  66  6:10  Hydralisk, Drone  
  68  6:12  Hydralisk  
  68  6:16  Hydralisk  
  72  6:22  Baneling Nest, Hydralisk  
  73  6:26  Overlord, Drone  
  73  6:28  Roach  
  73  6:31  Roach  
  78  6:33  Roach  
  78  6:38  Metabolic Boost  
  80  6:43  Roach, Evolution Chamber, Infestor  
  80  6:45  Overlord  
  83  6:48  Infestor  
  85  7:00  Evolution Chamber  
  84  7:02  Evolution Chamber  
  84  7:07  Hatchery  
  82  7:08  Zerg Missile Weapons Level 1  
  82  7:09  Baneling  
  82  7:11  Drone  
  82  7:13  Baneling  
  82  7:14  Baneling  
  83  7:16  Baneling  
  83  7:20  Overseer, Baneling  
  83  7:21  Extractor  
  83  7:22  Drone  
  83  7:24  Zergling x2  
  83  7:25  Zerg Ground Armor Level 1  
  83  7:28  Extractor, Zerg Melee Weapons Level 1, Drone  
  83  7:29  Hydralisk  
  79  7:31  Zergling x2  
  72  7:38  Hydralisk  
  72  7:44  Roach, Drone x3  
  76  7:48  Roach  
  76  7:49  Drone  
  76  7:50  Drone  
  84  7:51  Roach  
  84  7:59  Ravager  
  84  8:02  Roach  
  87  8:08  Ravager  
  87  8:11  Roach, Overlord  
  87  8:12  Spine Crawler  
  89  8:13  Drone  
  89  8:14  Hydralisk  
  89  8:19  Hydralisk  
  93  8:20  Drone x3  
  93  8:21  Drone x3  
  93  8:26  Hydralisk  
  100  8:27  Drone x2  
  100  8:28  Extractor, Drone  
  100  8:29  Drone  
  100  8:32  Overlord  
  105  8:38  Drone  
  105  8:40  Drone  
  107  8:41  Drone  
  108  8:49  Drone  
  108  8:50  Overlord  
  108  8:51  Hydralisk  
  108  8:52  Roach, Infestor  
  108  8:53  Drone  
  116  8:58  Infestor, Drone x2  
  116  9:00  Drone  
  121  9:08  Overlord, Drone  
  121  9:09  Extractor, Zerg Missile Weapons Level 2  
  121  9:11  Drone  
  121  9:12  Drone  
  121  9:15  Zergling x2  
  115  9:21  Ravager  
  115  9:22  Zergling x2  
  115  9:23  Hydralisk, Drone  
  115  9:24  Drone x2  
  111  9:25  Drone  
  111  9:30  Roach, Hydralisk  
  111  9:31  Roach  
  113  9:33  Roach  
  113  9:34  Roach  
  113  9:37  Roach  
  119  9:44  Roach, Infestor  
  123  9:48  Overlord  
  123  9:54  Infestor  
  123  9:55  Roach  
  127  10:01  Spine Crawler  
  127  10:02  Roach  
  127  10:03  Hydralisk  
  127  10:06  Hatchery  
  122  10:08  Hydralisk  
  122  10:13  Ravager  
  122  10:14  Roach  
  125  10:17  Queen  
  127  10:30  Spine Crawler  
  127  10:31  Pathogen Glands  
  127  10:33  Spine Crawler  
  127  10:34  Drone  
  126  10:39  Spore Crawler, Drone  
  126  10:40  Spore Crawler  
  126  10:41  Drone  
  126  10:43  Zerg Ground Armor Level 2  
  126  10:51  Queen  
  128  11:01  Roach, Overlord  
  128  11:02  Roach  
  128  11:04  Roach  
  134  11:06  Hydralisk  
  134  11:09  Hydralisk  
  138  11:11  Spore Crawler  
  138  11:13  Overseer  
  138  11:14  Spore Crawler  
  138  11:15  Drone  
  138  11:16  Spine Crawler  
  138  11:17  Drone  
  137  11:20  Overlord, Drone  
  137  11:21  Drone x2  
  137  11:22  Drone x3  
  143  11:33  Neural Parasite  
  143  11:34  Extractor, Hatchery  
  143  11:35  Hive, Drone  
  143  11:36  Drone  
  143  11:37  Spine Crawler, Spore Crawler  
  143  11:38  Overlord, Drone  
  143  11:39  Drone  
  143  11:42  Spine Crawler  
  143  11:43  Drone  
  143  11:44  Spore Crawler  
  143  11:45  Extractor, Drone  
  143  11:46  Drone  
  143  12:04  Zergling x2  
  143  12:05  Overseer, Overlord, Zergling x2  
  145  12:10  Zergling x2  
  145  12:11  Zergling x2  
  145  12:13  Overseer  
  147  12:21  Spine Crawler  
  147  12:22  Drone  
  146  12:23  Zergling x2  
  146  12:30  Roach, Zergling x2  
  147  12:40  Spine Crawler  
  147  12:41  Zerg Melee Weapons Level 2  
  147  12:42  Drone  
  147  12:43  Spore Crawler  
  146  12:45  Drone  
  146  12:46  Viper, Spine Crawler, Hydralisk  
  146  12:47  Queen, Drone  
  146  12:51  Spine Crawler  
  151  12:52  Drone  
  151  12:54  Spore Crawler  
  151  12:55  Drone  
  151  12:56  Extractor  
  151  12:58  Drone  
  152  13:00  Viper  
  152  13:04  Zergling x4  
  152  13:05  Zergling x2  
  155  13:08  Roach  
  155  13:13  Zergling x2  
  155  13:14  Hatchery, Drone  
  156  13:20  Roach  
  156  13:22  Roach, Overlord  
  156  13:23  Pneumatized Carapace, Roach x2  
  156  13:25  Roach  
  156  13:27  Roach  
  168  13:30  Spine Crawler  
  168  13:31  Drone  
  168  13:33  Spine Crawler  
  167  13:35  Spine Crawler, Drone  
  167  13:36  Ravager  
  167  13:37  Drone  
  167  13:40  Roach  
  167  13:41  Overlord  
  171  13:44  Hydralisk  
  171  13:46  Hydralisk  
  175  13:51  Infestor  
  175  13:52  Lurker Den  
  175  13:53  Ravager, Drone  
  175  13:54  Roach, Infestor, Zergling x2  
  181  13:59  Overlord  
  181  14:02  Zergling x2  
  182  14:03  Zergling x2  
  182  14:04  Baneling  
  182  14:05  Zergling x2  
  182  14:07  Ravager  
  182  14:08  Roach  
  187  14:14  Spore Crawler  
  187  14:16  Drone  
  186  14:19  Roach, Spore Crawler  
  186  14:21  Roach, Drone  
  186  14:23  Spore Crawler, Zergling x2  
  190  14:25  Roach, Queen, Drone  
  190  14:28  Spine Crawler  
  190  14:31  Drone  
  193  14:32  Zergling x2  
  193  14:34  Hydralisk  
  193  14:37  Baneling, Zergling x2  
  197  14:38  Baneling  
  197  14:39  Baneling  
  197  14:41  Baneling x2  
  197  14:51  Baneling  
  197  14:52  Baneling, Ravager  
  198  14:58  Spine Crawler  
Show
View Real Time Build Order
Export as new Build Order

IA (élite) Zerg 

Build Orders: Pool First, Zergling Baneling 

Get SALT Encoding   

  12  0:00  Drone  
  13  0:07  Drone  
  14  0:17  Overlord  
  14  0:36  Spawning Pool  
  14  0:38  Extractor  
  14  0:40  Drone  
  13  0:44  Drone  
  13  0:49  Drone  
  15  1:23  Queen, Zergling x6  
  20  1:45  Hatchery  
  19  1:50  Drone  
  20  1:56  Zergling x2  
  20  2:00  Zergling x2  
  22  2:10  Overlord  
  22  2:22  Baneling Nest  
  21  2:24  Drone  
  21  2:29  Zergling x2  
  23  2:34  Zergling x2  
  24  2:38  Zergling x2  
  26  2:44  Zergling x2  
  26  3:09  Zergling x2  
  27  3:19  Overlord  
  26  3:24  Zergling x2  
  26  3:26  Baneling x2  
  27  3:29  Zergling x2  
  27  3:34  Zergling x2  
  29  3:39  Zergling x2  
  30  3:41  Baneling  
  30  3:42  Baneling  
  30  3:43  Zergling x2  
  30  3:48  Zergling x2  
  32  3:51  Baneling  
  32  3:52  Zergling x2  
  33  3:56  Baneling x2  
  33  3:57  Zergling x2  
  33  4:01  Baneling  
  33  4:02  Zergling x2  
  32  4:08  Zergling x2  
  32  4:13  Zergling x2  
  33  4:19  Zergling x2  
  34  4:24  Drone  
  35  4:40  Roach Warren  
  34  4:54  Drone  
  34  4:58  Drone  
  36  5:07  Overlord  
  36  5:12  Drone  
  37  5:16  Drone  
  38  5:22  Roach  
  38  5:24  Roach  
  42  5:29  Roach  
  42  5:35  Roach  
  46  5:42  Overlord  
  46  5:52  Lair  
  46  6:08  Drone  
  46  6:11  Drone  
  48  6:15  Drone  
  48  6:18  Drone  
  50  6:21  Drone  
  50  6:24  Drone  
  52  6:30  Overlord  
  52  6:33  Drone  
  52  6:36  Drone  
  52  6:39  Drone  
  55  6:41  Drone  
  55  6:44  Drone  
  55  6:46  Drone  
  58  6:48  Drone  
  58  6:53  Overlord  
  59  6:55  Drone  
  59  6:56  Hydralisk Den  
  59  6:57  Drone  
  59  7:00  Drone  
  61  7:05  Drone  
  62  7:09  Overseer  
  62  7:11  Drone  
  62  7:15  Roach, Overlord, Drone  
  66  7:16  Drone  
  66  7:23  Drone  
  66  7:27  Drone  
  59  7:34  Extractor, Drone  
  59  7:35  Extractor  
  52  7:37  Hydralisk  
  52  7:43  Extractor  
  51  7:44  Zergling x2  
  51  7:47  Roach x2, Hydralisk  
  51  7:48  Roach  
  51  7:49  Evolution Chamber  
  59  7:55  Hydralisk  
  61  7:58  Hydralisk  
  63  8:07  Roach  
  63  8:09  Hydralisk  
  67  8:15  Zerg Ground Armor Level 1  
  67  8:17  Hydralisk  
  67  8:19  Evolution Chamber, Drone x3  
  71  8:20  Drone  
  72  8:27  Hatchery  
  72  8:33  Drone  
  72  8:36  Drone  
  72  8:39  Ravager  
  72  8:40  Ravager, Drone  
  76  8:43  Overlord  
  76  8:51  Roach, Drone x2  
  76  8:53  Drone  
  76  8:55  Drone  
  82  9:02  Overlord  
  82  9:03  Drone  
  82  9:05  Zerg Missile Weapons Level 1  
  83  9:13  Zergling x2  
  83  9:14  Drone  
  81  9:22  Hydralisk, Drone x2  
  69  9:25  Roach, Zergling x2  
  63  9:35  Hydralisk x2  
  60  9:38  Hydralisk  
  57  9:46  Hydralisk, Drone  
  57  9:50  Drone  
  57  9:52  Ravager  
  62  9:53  Hydralisk  
  62  9:54  Roach, Drone  
  62  9:57  Roach  
  64  10:00  Queen  
  64  10:02  Zergling x2  
  64  10:04  Zergling x2  
  63  10:08  Roach  
  63  10:09  Roach  
  63  10:11  Drone  
  68  10:18  Drone  
  68  10:19  Drone  
  70  10:22  Drone  
  70  10:25  Ravager  
  72  10:29  Roach  
  72  10:30  Drone  
  72  10:32  Drone  
  76  10:40  Drone x2  
  78  10:43  Drone  
  78  10:46  Zerg Ground Armor Level 2  
  78  10:49  Pneumatized Carapace  
  79  10:50  Drone  
  79  10:51  Drone  
  79  10:54  Drone  
  79  10:56  Burrow  
  82  11:00  Spine Crawler  
  82  11:01  Drone  
  82  11:02  Drone  
  83  11:05  Spine Crawler, Drone  
  83  11:06  Hydralisk  
  83  11:07  Roach, Drone  
  83  11:09  Spire  
  87  11:12  Drone  
  87  11:13  Drone  
  87  11:15  Drone  
  90  11:22  Drone  
  90  11:24  Drone  
  92  11:26  Overlord  
  92  11:29  Zerg Missile Weapons Level 2  
  92  11:33  Drone  
  92  11:35  Drone  
  92  11:37  Drone  
  92  11:38  Roach, Drone  
  92  11:39  Infestation Pit, Drone  
  98  11:44  Drone  
  98  11:45  Overlord  
  99  11:48  Drone  
  99  11:53  Extractor  
  99  11:54  Spore Crawler  
  99  11:55  Drone  
  99  11:56  Extractor, Drone  
  99  11:59  Drone  
  100  12:02  Spore Crawler  
  100  12:03  Hydralisk  
  100  12:04  Spine Crawler  
  100  12:05  Drone  
  100  12:06  Hatchery  
  100  12:07  Drone  
  99  12:09  Drone x3  
  99  12:10  Roach, Overlord, Drone  
  99  12:11  Roach  
  99  12:15  Glial Reconstitution  
  103  12:16  Roach  
  103  12:17  Infestor  
  103  12:21  Drone  
  105  12:24  Queen  
  105  12:27  Roach  
  105  12:28  Zergling x2  
  85  12:37  Drone  
  85  12:38  Drone x2, Infestor, Zergling x2  
  85  12:39  Drone  
  85  12:44  Drone  
  81  12:48  Hydralisk  
  81  12:49  Hydralisk  
  71  12:59  Zergling x2  
  71  13:00  Hydralisk  
  67  13:10  Zergling x2  
  67  13:11  Roach, Queen  
  62  13:16  Drone  
  62  13:18  Roach, Drone x3  
  57  13:20  Zergling x2  
  57  13:21  Drone  
  57  13:22  Roach  
  57  13:27  Drone  
  57  13:28  Roach, Drone x4  
  57  13:30  Hydralisk  
  57  13:31  Zergling x2, Infestor, Drone  
  57  13:32  Drone  
  57  13:34  Drone  
  63  13:37  Hatchery  
  63  13:39  Roach, Drone  
  63  13:40  Drone  
  63  13:41  Extractor  
  61  13:42  Roach, Drone  
  61  13:44  Hydralisk  
  60  13:50  Roach, Drone  
  52  13:58  Drone, Spawning Pool  
  47  14:03  Drone  
  43  14:11  Drone x2  
  43  14:12  Drone  
  38  14:23  Drone  
  34  14:24  Drone  
  22  14:49  Zergling x2  
Tags
 
Matchup
ZvZ
Race
Zerg
Spawn Locations
Cross Positions
Add a new tag
Caveats
  • Supply blocks, unpowered buildings, or Contaminate may cause inaccurate times.
  • Supply counts are checked every 10 seconds.